 Dungeon Crawl Stone Soup version 0.18.1-50-g88ac8fd (webtiles) character file.

152396 Chiseanne the Unseen (level 17, 0/121 HPs)
             Began as a Spriggan Assassin on Mar 31, 2017.
             Was an Initiate of Gozag.
             Slain by a giant leech (13 damage)
             ... on level 2 of the Swamp on Apr 1, 2017.
             The game lasted 02:59:33 (48038 turns).

Chiseanne the Unseen (Spriggan Assassin)           Turns: 48038, Time: 02:59:34

Health: 0/121      AC: 28    Str:  7    XL:     17   Next: 2%
Magic:  26/26      EV:  4    Int: 21    God:    Gozag
Gold:   132        SH: 13    Dex: 22    Spells: 3 memorised, 19 levels left

rFire  + . .     SeeInvis +     d - +1 falchion (holy)
rCold  + . .     Gourm    .     (armour currently unavailable)
rNeg   + + +     Faith    .     i - +3 buckler {reflect}
rPois  +         Spirit   .     (helmet currently unavailable)
rElec  .         Dismiss  .     (cloak currently unavailable)
rCorr  .         Reflect  +     (gloves unavailable)
SustAt .         Harm     .     (boots unavailable)
MR     ++...     NoTele   +     Q - amulet of the Scavenger {Reflect Int+6 SH+2}
Stlth  ++++++++..               j - ring of poison resistance
                                c - ring of Midwinter {rF+ rC+}

@: tree-form, repel missiles, very heavily drained, very resistant to hostile
enchantments, extraordinarily stealthy
A: unfitting armour, see invisible, herbivore 3, (speed 0), slow metabolism 2
a: Potion Petition, Call Merchant, Bribe Branch, Renounce Religion


You were on level 2 of the Swamp.
You worshipped Gozag.
Gozag was noncommittal.
You were not hungry.
You were a tree.
You visited 4 branches of the dungeon, and saw 27 of its levels.
You also visited: Ice Cave.

You collected 11999 gold pieces.
You spent 3889 gold pieces at shops.
You paid 7978 gold pieces to Gozag.

Inventory:

Hand Weapons
 a - a +2 short sword of venom
 d - a +1 falchion of holy wrath (weapon)
 s - a +3 falchion of electrocution
 w - a +6 blowgun
Missiles
 e - 128 poisoned needles
 f - 11 curare-tipped needles {!*}
 n - 7 exploding tomahawks
 x - 6 throwing nets (quivered) {!*}
 D - 51 tomahawks
Armour
 b - a +2 robe of fire resistance (melded)
 i - a +3 buckler of reflection (worn)
 m - the +2 cloak of Life (melded) {rElec MR+ Regen+}
   (You bought it in a shop on level 15 of the Dungeon)

   It insulates you from electricity.
   It affects your resistance to hostile enchantments.
   It increases your rate of regeneration.
 T - a +0 hat (melded)
Rods
 X - a +2 rod of ignition (13/13)
   (You found it on level 5 of the Lair of Beasts)
Jewellery
 c - the ring of Midwinter (left branch) {rF+ rC+}
   (You bought it in a shop on level 10 of the Dungeon)

   [ring of protection from cold]

   It protects you from fire.
   It protects you from cold.
 j - a ring of poison resistance (right branch)
 O - the ring "Poenes" {rN+ MR+}
   (You bought it in a shop on level 11 of the Dungeon)

   [ring of positive energy]

   It protects you from negative energy.
   It affects your resistance to hostile enchantments.
 Q - the amulet of the Scavenger (around neck) {Reflect Int+6 SH+2}
   (You bought it in a shop on level 10 of the Dungeon)

   [amulet of reflection]

   It shields you and reflects attacks.
   It affects your intelligence (+6).
   It affects your SH (+2).
Wands
 h - a wand of digging (5/24)
Scrolls
 l - 4 scrolls of identify
 o - 12 scrolls of remove curse
 p - a scroll of blinking
 r - 8 scrolls of magic mapping
 E - 6 scrolls of fog
 K - 9 scrolls of teleportation
 P - 4 scrolls of fear
Potions
 k - 2 potions of curing
 z - 4 potions of haste
 F - 2 potions of resistance
 G - 4 potions of flight
 Y - 2 potions of cancellation
Miscellaneous
 M - a fan of gales
Comestibles
 g - 9 bread rations


   Skills:
 - Level 6.2(0.0) Fighting
 - Level 9.3(2.6) Short Blades
 * Level 6.9(0.5) Throwing
 - Level 20.1(11.5) Dodging
 - Level 20.1(11.5) Stealth
 * Level 12.8(5.4) Shields
 - Level 5.5(0.0) Spellcasting
 - Level 10.8(3.8) Evocations


You had 19 spell levels left.
You knew the following spells:

 Your Spells              Type           Power        Failure   Level  Hunger
a - Repel Missiles        Chrm/Air       #.....       30%         2    ###....
b - Conjure Flame         Conj/Fire      #.......     63%         3    ####...
c - Mephitic Cloud        Conj/Pois/Air  #.......     63%         3    ####...


Dungeon Overview and Level Annotations

Branches:
Dungeon (15/15)            Temple (0/1) D:4            Lair (8/8) D:11
  Swamp (2/4) Lair:4       Spider (0/4) Lair:3        Slime (0/6) Lair:8
    Orc (2/2) D:10            Elf (0/3) Orc:2        Vaults (0/5) D:13
 Depths (0/5) D:15

Altars:
Ashenzari
Dithmenos
Elyvilon
Fedhas
Gozag
Kikubaaqudgha
Makhleb
Okawaru
Qazlal
Trog
Xom
Zin
Beogh
Jiyva

Shops:
D:5 *   D:6 %   D:7 (   D:10 =   D:11 (=[[   D:15 [[   Orc:2 (?=[*(

Portals:
Hell: Lair:8

Annotations:
D:4 Chiseanne's ghost, novice SpAs
Lair:4 Chiseanne's ghost, journeyman SpAs
Swamp:1 exclusion: Roxanne, Roxanne
Orc:2 1 exclusion, symbioosi's ghost, journeyman MiBe


Innate Abilities, Weirdness & Mutations

You are tiny and cannot use many weapons and most armour.
You have supernaturally acute eyesight.
You are a herbivore.
((You cover ground extremely quickly.))
You need consume almost no food.


Message History

You hear the crackle of electricity.
s - a +3 falchion of electrocution (weapon)
Wield which item (- for none, * to show all)? (? for menu, Esc to quit)
Your +3 falchion of electrocution stops crackling.
Your +1 falchion of holy wrath softly glows with a divine radiance!
d - a +1 falchion of holy wrath (weapon)
The giant leech bites you!
* * * LOW HITPOINT WARNING * * *
You hit the giant leech.
The giant leech is lightly wounded.
The giant leech misses you.
Drink which item? (? for menu, Esc to quit)
You turn into a tree.
The +2 cloak of Life {rElec MR+ Regen+} melds into your body.
Your +0 hat melds into your body.
Your +2 robe of fire resistance melds into your body.
You feel less resistant to fire.
Your roots penetrate the ground.
The giant leech bites you!
You die...
Your body crumbles into a pile of gold.

....≈♣♣♣♣♣
....≈.....♣ #
.#.....≈. ..
≈..≈...♣
...♣♣..>..♣
?...≈≈≈...♣♣ ♣
..≈≈≈≈≈.≈.≈♣♣♣♣♣♣.!
....≈≈≈.w♣..≈≈≈.≈≈≈
.....≈≈≈.....≈≈.≈≈≈
♣.≈≈.≈≈≈≈≈≈.../.≈≈≈
≈≈§.?≈≈≈≈≈≈.♣♣≈.≈≈≈
≈≈≈≈≈≈≈≈≈≈≈≈♣ .≈≈.
≈≈≈≈≈≈≈≈≈≈≈.♣ ♣♣♣
≈≈≈.≈≈≈≈≈≈≈<♣
...≈.≈≈≈≈≈≈)≈♣
≈≈≈.≈≈≈≈≈≈≈♣


You could see a giant leech.

Vanquished Creatures
  Gastronok (D:12)
  An orc warlord (Orc:2)
  Louise (D:14)
  A war gargoyle (D:12)
  A dire elephant (Lair:8)
  2 vault guards (D:13)
  10 hydras
  A death knight (D:14)
  A catoblepas (Lair:6)
  Harold (D:12)
  Erica (Lair:1)
  6 centaur warriors
  An ogre mage (D:15)
  A tengu warrior (D:14)
  5 death yaks
  3 orc high priests
  2 skeletal warriors (D:14)
  An unseen horror (D:14)
  A deep troll (D:15)
  3 wizards
  A giant orange brain (D:15)
  6 hill giants
  A lindwurm (Lair:7)
  5 orc knights
  3 necromancers (D:13)
  A shambling mangrove (Swamp:1)
  6 orc sorcerers
  12 deep elf magi
  A wolf spider zombie (D:12)
  3 manticores
  An oklob plant (Lair:4)
  2 griffons
  2 ugly things (D:15)
  3 hornets (Swamp:1)
  A manticore (shapeshifter) (D:14)
  3 cyclopes
  19 elephants
  4 black mambas
  4 centaur zombies
  An orange demon (Lair:8)
  2 torpor snails
  22 spiny frogs
  2 rime drakes
  12 gargoyles
  A kobold demonologist (D:13)
  3 ice devils (Lair:8)
  7 komodo dragons
  A red devil (Lair:8)
  4 tengu conjurers
  A freezing wraith (D:14)
  13 polar bears (IceCv)
  10 trolls
  6 two-headed ogres
  A bog body (Swamp:1)
  4 slime creatures (D:15)
  30 blink frogs
  A raiju (shapeshifter) (D:15)
  A redback (Lair:3)
  3 shadows
  2 wyverns
  3 wraiths
  7 basilisks
  A vampire (D:14)
  16 humans (D:13)
  A steam dragon (D:13)
  64 yaks
  18 hippogriffs
  A golden eye (shapeshifter) (D:15)
  2 hungry ghosts
  Menkaure (D:6)
  A swamp worm (Swamp:1)
  4 wargs
  Duvessa (D:6)
  2 mottled dragons
  A soldier ant (D:14)
  8 porcupines
  18 water moccasins
  31 orc warriors
  9 ice beasts
  2 sky beasts
  An ice beast (shapeshifter) (D:15)
  A wasp (D:14)
  24 wolves
  A phantom (D:14)
  15 ogres
  A necrophage (D:12)
  4 centaurs
  28 crocodiles
  Blork the orc (D:6)
  A big kobold (D:10)
  5 gnoll sergeants (D:10)
  A wyvern zombie (D:11)
  22 giant frogs
  Dowan (D:6)
  9 killer bees
  4 scorpions
  A troll skeleton (D:11)
  21 wights
  2 electric eels
  14 howler monkeys
  A wasp zombie (D:5)
  7 crimson imps
  A giant frog zombie (D:10)
  3 human zombies (D:11)
  10 jellies
  A quasit (D:12)
  18 orc priests
  Crazy Yiuf (D:7)
  2 hounds (D:8)
  24 orc wizards
  9 centaur skeletons
  2 giant frog skeletons
  2 human skeletons (D:11)
  10 iguanas
  8 hell rats
  8 worker ants
  24 sheep
  2 hound skeletons
  3 mummies (D:11)
  A howler monkey zombie (D:9)
  A worker ant zombie (D:8)
  12 adders
  16 gnolls
  47 river rats
  6 shadow imps
  7 oozes
  2 adder skeletons
  3 worms
  2 dart slugs
  7 giant geckos
  82 orcs
  9 bats
  5 giant cockroaches
  3 hobgoblins (D:1)
  12 jackals
  5 quokkas
  5 ball pythons
  5 giant newts
  6 goblins
  6 kobolds
  A quokka skeleton (D:8)
  11 rats
987 creatures vanquished.

Vanquished Creatures (collateral kills)
  A cyclops (D:10)
  A sixfirhy (Lair:8)
  4 orange demons (Lair:8)
  A smoke demon (Lair:8)
  A hellwing (Lair:8)
  A red devil (Lair:8)
  A yak (D:10)
  2 ogres (D:10)
  3 sheep (D:10)
  A howler monkey zombie (D:10)
  An orc (D:10)
17 creatures vanquished.

Vanquished Creatures (others)
  A yak (D:10)
  2 orc warriors
  A sky beast (shapeshifter) (D:15)
  A wolf (IceCv)
  3 centaurs (D:15)
  A bush (D:7)
  29 fungi
  8 plants
  6 toadstools (Swamp:1)
52 creatures vanquished.

Grand Total: 1056 creatures vanquished

Notes
Turn   | Place    | Note
--------------------------------------------------------------
     0 | D:1      | Chiseanne the Spriggan Assassin began the quest for the Orb.
     0 | D:1      | Reached XP level 1. HP: 10/10 MP: 2/2
   424 | D:1      | Reached XP level 2. HP: 14/14 MP: 3/3
  1457 | D:2      | Reached XP level 3. HP: 12/18 MP: 4/4
  1992 | D:2      | Found a bloodstained altar of Trog.
  2294 | D:2      | Reached XP level 4. HP: 23/23 MP: 5/5
  2897 | D:3      | Reached XP level 5. HP: 12/27 MP: 6/6
  3641 | D:3      | Found a stormy altar of Qazlal.
  3692 | D:4      | Noticed an ogre
  3727 | D:4      | Killed an ogre
  3727 | D:4      | Reached XP level 6. HP: 32/32 MP: 7/7
  3853 | D:4      | Noticed Chiseanne's ghost (novice SpAs)
  4086 | D:4      | Identified the Collected Works on the Flying Glacier
  4102 | D:4      | Found a white marble altar of Elyvilon.
  4108 | D:4      | Learned a level 2 spell: Repel Missiles
  4186 | D:4      | Found an opulent altar of Gozag.
  4196 | D:4      | Became a worshipper of Gozag Ym Sagoz the Greedy
  4324 | D:4      | Found an iron altar of Okawaru.
  4419 | D:4      | Found a staircase to the Ecumenical Temple.
  4427 | D:4      | Reached skill level 10 in Stealth
  4951 | D:5      | Entered Level 5 of the Dungeon
  4971 | D:5      | Reached XP level 7. HP: 37/37 MP: 8/8
  5287 | D:5      | Found Tanug's General Store.
  5930 | D:5      | Found a shimmering altar of Xom.
  5948 | D:6      | Noticed Menkaure
  6007 | D:6      | Noticed Blork the orc
  6012 | D:6      | Killed Blork the orc
  6012 | D:6      | Reached XP level 8. HP: 42/42 MP: 9/9
  6024 | D:6      | Found a shadowy altar of Dithmenos.
  6082 | D:6      | Killed Menkaure
  6176 | D:6      | Noticed Duvessa
  6177 | D:6      | Noticed Dowan
  6183 | D:6      | Killed Duvessa
  6195 | D:6      | Killed Dowan
  6195 | D:6      | Reached skill level 5 in Fighting
  6306 | D:6      | Found Ocuagap's Food Shoppe.
  6822 | D:7      | Found a blossoming altar of Fedhas.
  7443 | D:7      | Reached skill level 15 in Stealth
  7443 | D:7      | Reached XP level 9. HP: 13/48 MP: 10/10
  7902 | D:7      | Noticed Crazy Yiuf
  7908 | D:7      | Killed Crazy Yiuf
  8204 | D:7      | Bought a runed blowgun for 65 gold pieces
  8204 | D:7      | Bought a glowing blowgun for 65 gold pieces
  9657 | D:9      | Reached skill level 5 in Dodging
  9916 | D:9      | Noticed a troll
  9918 | D:9      | Killed a troll
 10024 | D:9      | Reached XP level 10. HP: 38/53 MP: 11/11
 10144 | D:9      | You fall through a shaft!
 10144 | D:10     | Entered Level 10 of the Dungeon
 10853 | D:10     | Found a staircase to the Orcish Mines.
 11056 | D:10     | Noticed a cyclops
 11074 | D:10     | Killed a cyclops
 11074 | D:10     | Reached skill level 10 in Dodging
 11127 | D:10     | Killed a troll
 12355 | D:10     | Reached XP level 11. HP: 51/56 MP: 12/12
 13004 | D:10     | Bought a cursed amulet of inaccuracy for 34 gold pieces
 13410 | D:11     | Found an ancient bone altar of Kikubaaqudgha.
 13547 | D:11     | Found a frozen archway.
 13646 | IceCv    | Entered an ice cave
 14266 | IceCv    | Reached skill level 15 in Dodging
 16338 | D:11     | Reached XP level 12. HP: 61/61 MP: 13/13
 16470 | D:11     | Found a staircase to the Lair.
 16650 | Lair:1   | Entered Level 1 of the Lair of Beasts
 16845 | Lair:1   | Noticed Erica
 17064 | Lair:1   | Killed Erica
 17790 | D:10     | Bought the amulet of the Scavenger {Reflect Int+6 SH+2} for 758 gold pieces
 18118 | Lair:2   | Noticed a four-headed hydra
 18128 | Lair:2   | Killed a one-headed hydra
 18780 | Lair:3   | Found a hole to the Spider Nest.
 18817 | Lair:3   | Reached skill level 5 in Short Blades
 18835 | Lair:3   | Noticed a seven-headed hydra
 18882 | Lair:3   | Killed a seven-headed hydra
 19994 | Lair:4   | Found a staircase to the Swamp.
 20504 | Lair:4   | Reached XP level 13. HP: 45/65 MP: 14/14
 22118 | Lair:4   | Found a white marble altar of Elyvilon.
 22314 | Lair:4   | Noticed Chiseanne's ghost (journeyman SpAs)
 22512 | Lair:5   | Found a glowing silver altar of Zin.
 22957 | Lair:5   | Identified a +2 rod of ignition (13/13) (You found it on level 5 of the Lair of Beasts)
 23076 | Lair:5   | Reached skill level 5 in Throwing
 23076 | Lair:5   | Reached skill level 5 in Spellcasting
 23076 | Lair:5   | Reached XP level 14. HP: 70/70 MP: 14/23
 23081 | Lair:5   | Learned a level 3 spell: Conjure Flame
 23085 | Lair:5   | Learned a level 3 spell: Mephitic Cloud
 24202 | D:11     | Bought a +1 buckler of reflection for 229 gold pieces
 24310 | Lair:3   | Reached skill level 1 in Shields
 26707 | Lair:6   | Reached skill level 5 in Shields
 27458 | Lair:7   | Reached skill level 1 in Evocations
 27989 | Lair:7   | Reached XP level 15. HP: 60/73 MP: 24/24
 28673 | Lair:7   | Reached skill level 5 in Evocations
 29400 | Lair:8   | Entered Level 8 of the Lair of Beasts
 31219 | Lair:8   | Found a burning altar of Makhleb.
 31224 | Lair:8   | Found a gateway to Hell.
 31697 | Lair:8   | Found a viscous altar of Jiyva.
 31697 | Lair:8   | Found a staircase to the Slime Pits.
 33040 | D:11     | Bought the ring "Poenes" {rN+ MR+} for 423 gold pieces
 33291 | D:12     | Noticed Gastronok
 33333 | D:12     | Killed Gastronok
 33542 | D:12     | Reached skill level 10 in Evocations
 33815 | D:12     | Noticed Harold
 33821 | D:12     | Killed Harold
 34540 | D:13     | Identified a scroll of acquirement
 35195 | D:13     | Reached XP level 16. HP: 46/78 MP: 16/25
 35558 | D:13     | Found a gate to the Vaults.
 35733 | D:14     | Reached skill level 10 in Shields
 36674 | D:15     | Entered Level 15 of the Dungeon
 36705 | D:15     | Found a shattered altar of Ashenzari.
 37246 | D:15     | Noticed Louise
 37861 | D:14     | Killed Louise
 39051 | D:15     | Found a staircase to the Depths.
 40119 | D:15     | Bought a glowing cloak for 189 gold pieces
 40533 | Orc:1    | Entered Level 1 of the Orcish Mines
 40663 | Orc:1    | Found a roughly hewn altar of Beogh.
 42299 | Orc:2    | Entered Level 2 of the Orcish Mines
 42305 | Orc:2    | Noticed symbioosi's ghost (journeyman MiBe)
 43153 | Orc:2    | Found a roughly hewn altar of Beogh.
 44772 | Orc:2    | Found a roughly hewn altar of Beogh.
 45302 | Orc:2    | Found Webeg's General Store.
 45542 | Orc:2    | Found Ofoasesili's Magic Scroll Emporium.
 45553 | Orc:2    | Found Xagaggyc's Antique Weapon Shop.
 45877 | Orc:2    | Found Paluhyu's Jewellery Boutique.
 45904 | Orc:2    | Found Boidafoy's Antique Weapon Boutique.
 45930 | Orc:2    | Found Cediw's Antique Armour Boutique.
 45974 | Orc:2    | Found a staircase to the Elven Halls.
 46079 | Orc:2    | Bought a scroll of enchant weapon for 105 gold pieces
 46079 | Orc:2    | Bought a scroll of enchant weapon for 105 gold pieces
 46385 | D:15     | Bought a dull robe for 171 gold pieces
 46385 | D:15     | Bought a transparent cloak for 285 gold pieces
 46385 | D:15     | Identified the +2 cloak of Life {rElec MR+ Regen+} (You bought it in a shop on level 15 of the Dungeon)
 46396 | D:15     | Identified the cursed +0 robe "Joted" {*Confuse rC+ MR+} (You bought it in a shop on level 15 of the Dungeon)
 46501 | D:10     | Bought the ring of Midwinter {rF+ rC+} for 663 gold pieces
 46645 | Orc:2    | Found a bloodstained altar of Trog.
 46732 | Orc:2    | Bought an uncursed ring of poison resistance for 260 gold pieces
 46732 | Orc:2    | Bought a cursed -2 ring of dexterity for 26 gold pieces
 46901 | D:15     | Bought an embroidered robe for 21 gold pieces
 46901 | D:15     | Bought an embroidered robe for 21 gold pieces
 46921 | D:15     | Bought a runed robe for 21 gold pieces
 46921 | D:15     | Bought a runed robe for 21 gold pieces
 47351 | Orc:2    | Bought a scroll of teleportation for 42 gold pieces
 47351 | Orc:2    | Bought a scroll of blinking for 105 gold pieces
 47351 | Orc:2    | Bought a scroll of identify for 28 gold pieces
 47351 | Orc:2    | Bought a scroll of identify for 28 gold pieces
 47370 | Orc:2    | Bought a potion of heal wounds for 75 gold pieces
 47370 | Orc:2    | Bought a scroll of fog for 30 gold pieces
 47370 | Orc:2    | Bought a scroll of magic mapping for 52 gold pieces
 47370 | Orc:2    | Bought 3 fruits for 67 gold pieces
 47674 | Swamp:1  | Entered Level 1 of the Swamp
 47744 | Swamp:1  | Reached XP level 17. HP: 13/81 MP: 26/26
 47748 | Swamp:1  | HP: 3/121 [hornet[a shambling mangrove] (12)]
 48005 | Swamp:1  | Noticed Roxanne
 48038 | Swamp:2  | Slain by a giant leech

Skill      XL: |  1  2  3  4  5  6  7  8  9 10 11 12 13 14 15 16 |
---------------+-------------------------------------------------+-----
Dodging        | 2 7 12 16 18 19 20 | 20.1
Stealth        | 6 7 8 9 10 12 15 16 18 19 20 | 20.1
Fighting       | 2 3 4 5 6 |  6.2
Short Blades   | 6 9 |  9.3
Throwing       | 5 6 |  6.9
Spellcasting   | 5 |  5.5
Shields        | 6 9 12 | 12.8
Evocations     | 2 10 | 10.8

Action                   |  1- 3 |  4- 6 |  7- 9 | 10-12 | 13-15 | 16-18 || total
-------------------------+-------+-------+-------+-------+-------+-------++-------
Melee: Dagger            |   133 |   157 |    13 |       |       |       ||   303
       Short sword       |       |     2 |   337 |   791 |   916 |   901 ||  2947
       Quarterstaff      |       |       |    14 |   138 |       |       ||   152
       Scimitar          |       |       |       |    28 |    91 |       ||   119
       Falchion          |       |       |       |       |   726 |   732 ||  1458
 Fire: Blowgun           |     7 |    51 |     8 |   126 |    64 |   167 ||   423
Throw: Stone             |       |     1 |       |       |       |       ||     1
       Tomahawk          |       |       |       |     9 |     4 |    32 ||    45
       Throwing net      |       |       |       |       |       |    12 ||    12
 Cast: Repel Missiles    |       |       |       |     1 |     1 |     1 ||     3
Invok: Call Merchant     |       |       |     1 |     2 |     3 |     2 ||     8
       Potion Petition   |       |       |       |       |       |     1 ||     1
Evoke: Wand              |       |       |     7 |    37 |    25 |    14 ||    83
       Rod               |       |       |       |       |     2 |       ||     2
       Fan of gales      |       |       |       |       |       |     2 ||     2
  Use: Scroll            |       |    11 |    11 |    13 |    12 |     8 ||    55
       Potion            |       |       |     1 |    10 |     5 |    13 ||    29
 Stab: Sleeping          |    13 |    11 |    36 |    80 |    71 |    17 ||   228
       Distracted        |       |     1 |     2 |    22 |    36 |    35 ||    96
       Confused          |       |       |     1 |     2 |     7 |     2 ||    12
       Paralysed         |       |       |       |     3 |       |       ||     3
       Invisible         |       |       |       |       |       |     8 ||     8
       Held in net/web   |       |       |       |       |       |     9 ||     9
  Eat: Bread ration      |       |     1 |     1 |       |       |       ||     2
       Royal jelly       |       |       |       |     5 |     5 |     1 ||    11
       Fruit             |       |       |       |     2 |       |    17 ||    19
       Pizza             |       |       |       |     1 |     3 |       ||     4
Armor: Robe              |    11 |    25 |    55 |    78 |    62 |    36 ||   267
       Skin              |       |       |       |       |       |    22 ||    22
Dodge: Dodged            |    95 |   111 |   293 |  1228 |  1607 |   900 ||  4234
       Deflected         |       |       |       |       |     4 |     1 ||     5
Block: Other             |       |       |       |    19 |    20 |       ||    39
       Buckler           |       |       |       |       |   755 |   976 ||  1731
       Reflection        |       |       |       |       |    21 |    52 ||    73
